 Dungeon Crawl Stone Soup version 0.31-a0-7-g51783674b7 (webtiles) character file.

Game seed: 13615612779857921286

1031 Dittersdorf the Trooper (level 8, 0/51 HPs)
             Began as a Gargoyle Fighter on May 5, 2023.
             Slain by a centaur (5 damage)
             ... on level 6 of the Dungeon.
             The game lasted 00:05:52 (4409 turns).

Dittersdorf the Trooper (Gargoyle Fighter)          Turns: 4409, Time: 00:05:52

Health: 0/51       AC: 18    Str: 24    XL:     8   Next: 23%
Magic:  8/8        EV:  9    Int: 15    God:
Gold:   286        SH:  9    Dex: 11    Spells: 7/7 levels left

rFire   + . .        j - +8 morningstar of Isiva {elec, Int+3}
rCold   . . .        l - +0 kite shield
rNeg    + . .        k - +3 ring mail of Card Tricks {Str+2 Dex+2}
rPois   ∞            q - +1 helmet {Int+3}
rElec   +            (no cloak)
rCorr   .            (no gloves)
SInv    .            b - +0 pair of boots
Will    .....        (no amulet)
Stlth   +            e - ring of protection from fire
HPRegen 0.28/turn    g - ring of wizardry
MPRegen 0.11/turn

%: wizardry (x1)
@: no status effects
A: sickness immunity, AC +5, negative energy resistance 1, electricity
resistance, torment resistance 1, petrification resistance
a: no special abilities


You were on level 6 of the Dungeon.
You visited 2 branches of the dungeon, and saw 7 of its levels.

You collected 286 gold pieces.

Inventory:

Hand Weapons
 j - the +8 morningstar of Isiva (weapon) {elec, Int+3}
   (You acquired it on level 5 of the Dungeon)

   Int:       It affects your intelligence (+3).
 r - a +3 flail of protection
Missiles
 a - 13 poisoned darts (quivered)
Armour
 b - a +0 pair of boots (worn)
 k - the +3 ring mail of Card Tricks (worn) {Str+2 Dex+2}
   (You acquired it on level 4 of the Dungeon)

   Str:       It affects your strength (+2).
   Dex:       It affects your dexterity (+2).
 l - a +0 kite shield (worn)
 q - a +1 helmet of intelligence (worn)
Jewellery
 e - a ring of protection from fire (left hand)
 g - a ring of wizardry (right hand)
 m - a ring of fire
Wands
 f - a wand of flame (16)
Scrolls
 h - a scroll of noise
Potions
 c - a potion of brilliance {unknown}
 d - 3 potions of might
 o - a potion of attraction {unknown}
 p - a potion of haste
 s - a potion of mutation


   Skills:
 + Level 6.1 Fighting
 + Level 5.0 Maces & Flails
 + Level 6.0 Armour
 + Level 6.0 Shields


You had 7 spell levels left.
You didn't know any spells.
Your spell library was empty.

Dungeon Overview and Level Annotations

Branches:
Dungeon (6/15)             Temple (1/1) D:5

Altars:
Ashenzari
Dithmenos
Fedhas
Hepliaklqana
Kikubaaqudgha
Makhleb
Qazlal
Ru
Trog
Uskayaw
Vehumet
Xom
Yredelemnul
Zin
The Shining One


Innate Abilities, Weirdness & Mutations

You are immune to sickness and miasma.
Your stone body is resilient. (AC +5)
You are immune to poison.
You resist negative energy. (rN+)
You are resistant to electric shocks. (rElec)
You are resistant to unholy torment.
You are immune to petrification.


Message History

Your Shields skill increases to level 6!
You puncture the yak!
The yak is moderately wounded.
You block the centaur's attack. The centaur barely misses you. x2
The centaur kicks you but does no damage.
The yak gores you. The yak gores you but does no damage.
You puncture the yak!
The yak is severely wounded.
The centaur hits you.
* * * LOW HITPOINT WARNING * * *
You block the centaur's attack. The yak closely misses you. The yak gores you.
* * * LOW HITPOINT WARNING * * *
The centaur hits you but does no damage.
The centaur kicks you but does no damage.
You block the scorpion's attack.
The yak gores you but does no damage. x2
You hit the yak but do no damage.
The yak is heavily wounded.
You block the centaur's attack.
The centaur kicks you but does no damage.
The scorpion closely misses you. You block the centaur's attack.
The centaur barely misses you. The yak gores you!
* * * LOW HITPOINT WARNING * * *
The yak gores you.
* * * LOW HITPOINT WARNING * * *
The scorpion stings you but does no damage.
You barely miss the yak.
The yak is heavily wounded.
You block the centaur's attack. x2
The bullfrog swells and bulges.
The centaur hits you but does no damage.
The centaur kicks you but does no damage.
The yak barely misses you. The scorpion barely misses you.
You block the yak's attack.
You feel better. The centaur hits you.
* * * LOW HITPOINT WARNING * * *
The centaur misses you. You block the scorpion's attack.
The yak gores you but does no damage. The yak gores you.
* * * LOW HITPOINT WARNING * * *
The centaur hits you.
You die...

#.# #....# #
#.###....#
#.###..##..).#
#.........# #.
####......# #.#
#....##.#.# #.#
#†.####.#.###.#
#YY..........#
#@s####.#....#
♣Fhc.## #......####.
♣.♣########..........
♣. .................
.. .######.#########
.♣ ...####...#####
##......<.....#
................
...............#


You could see 2 yaks, a bullfrog, a centaur, a scorpion and a hound.

Vanquished Creatures
  A yak (D:6)
  A water moccasin (D:5)
  An ice beast (D:5)
  A gnoll sergeant (D:6)
  3 scorpions
  6 hounds
  An orc priest (D:3)
  2 iguanas
  An orc wizard (D:3)
  A gnoll (D:1)
  4 adders
  An ufetubus (D:5)
  5 dart slugs
  9 orcs
  9 ball pythons
  6 endoplasms
  3 giant cockroaches
  6 goblins
  8 hobgoblins
  7 jackals
  13 kobolds
  5 quokkas
  6 bats
  4 frilled lizards
  6 rats
110 creatures vanquished.

Notes
Turn   | Place    | Note
-------+----------+-------------------------------------------
     0 | D:1      | Dittersdorf the Gargoyle Fighter began the quest for the
                  | Orb.
     0 | D:1      | Reached XP level 1. HP: 14/14 MP: 1/1
    57 | D:1      | Reached XP level 2. HP: 19/19 MP: 2/2
   406 | D:1      | Reached XP level 3. HP: 23/23 MP: 3/3
   954 | D:1      | Reached XP level 4. HP: 29/29 MP: 4/4
  1683 | D:3      | Found a faded altar of an unknown god.
  1999 | D:3      | Reached XP level 5. HP: 26/33 MP: 5/5
  2321 | D:4      | Identified a scroll of acquirement
  2321 | D:4      | Acquired the +3 ring mail of Card Tricks {Str+2 Dex+2}
  2490 | D:4      | Found a shimmering altar of Xom.
  2791 | D:4      | Identified the staff of earth "Boab" {MP+9 Dex+3}
  3209 | D:5      | Entered Level 5 of the Dungeon
  3223 | D:5      | Reached XP level 6. HP: 39/39 MP: 6/6
  3429 | D:5      | Acquired the +8 morningstar of Isiva {elec, Int+3}
  3827 | D:5      | Reached skill level 5 in Fighting
  3827 | D:5      | Reached skill level 5 in Armour
  3829 | D:5      | Reached skill level 5 in Shields
  3829 | D:5      | Reached XP level 7. HP: 44/44 MP: 7/7
  4090 | D:5      | Found a glowing silver altar of Zin.
  4132 | D:5      | Found a staircase to the Ecumenical Temple.
  4143 | Temple   | Entered the Ecumenical Temple
  4343 | D:6      | Acquired a +1 helmet of intelligence
  4383 | D:6      | Noticed a yak
  4385 | D:6      | Noticed a yak
  4387 | D:6      | Noticed a yak
  4396 | D:6      | Killed a yak
  4397 | D:6      | Reached XP level 8. HP: 6/51 MP: 8/8
  4405 | D:6      | Reached skill level 5 in Maces & Flails
  4407 | D:6      | HP: 2/51 [yak (3)]
  4409 | D:6      | Slain by a centaur

Illustrated notes

Levels and vault maps discovered:
D:1:      dpeg_arrival_three_same_balls, layout_loops_corners,
          minmay_octomino_j4
D:2:      layout_basic, kennysheep_generic_room_3
D:3:      layout_basic, hellmonk_ecumenical_altar_zigzags
D:4:      layout_basic, pf_just_have_faith, kennysheep_generic_room_10
D:5:      layout_loops_corners, zin_treasury, temple_green
D:6:      kb_forest_paths, layout_rooms, okawaru_trees_1, marbit_many_paths,
          hex_intersection, minivault_24, kennysheep_nondescript
Temple:   dshaligram_water_room_temple

Skill      XL: |  1  2  3  4  5  6  7  8 |
---------------+-------------------------+-----
Fighting       | 4 5 6 |  6.1
Armour         | 4 5 6 |  6.0
Shields        | 4 5 6 |  6.0
Maces & Flails | 3 4 5 |  5.0

Action                     |  1- 3 |  4- 6 |  7- 9 || total
---------------------------+-------+-------+-------++-------
  Melee: Flail             |   124 |   157 |       ||   281
         Morningstar       |       |     9 |    34 ||    43
    Use: Scroll            |       |    14 |     2 ||    16
         Potion            |       |       |     4 ||     4
 Armour: Scale mail        |    69 |    46 |       ||   115
         Ring mail         |       |    45 |    63 ||   108
  Dodge: Dodged            |    59 |    93 |    47 ||   199
  Block: Buckler           |    33 |    49 |       ||    82
         Kite shield       |       |     3 |    45 ||    48

Table legend: (Time is in decaauts)
 A = Elapsed time spent in this place.
 B = Non-inter-level travel time spent in this place.
 C = Inter-level travel time spent in this place.
 D = Time resting spent in this place.
 E = Time spent auto-exploring this place.
 F = Levels seen in this place.
 G = Mean time per level.
                   A        B        C        D        E       F      G
               +--------+--------+--------+--------+--------+-----+--------+
         Total |   4505 |   4340 |    165 |    192 |   3256 |   7 |  643.6 |
       Dungeon |   4415 |   4270 |    145 |    192 |   3196 |   6 |  735.8 |
        Temple |     90 |     70 |     20 |      0 |     60 |   1 |   90.0 |
               +--------+--------+--------+--------+--------+-----+--------+

Top non-repeatable levels by time:
     D:5: 1047 daAuts
     D:1: 1000 daAuts
     D:4: 904 daAuts
     D:3: 718 daAuts
     D:2: 662 daAuts
  Temple: 90 daAuts
     D:6: 82 daAuts
